 Dungeon Crawl Stone Soup version 0.23-a0-54-gae6112e (webtiles) character file.

1185 Amnesiac the Magician (level 8, -2/52 HPs)
             Began as a Mummy Conjurer on Aug 8, 2018.
             Slain by a centaur (6 damage)
             ... on level 6 of the Dungeon.
             The game lasted 00:08:03 (4273 turns).

Amnesiac the Magician (Mummy Conjurer)              Turns: 4273, Time: 00:08:04

Health: -2/52      AC:  5    Str: 11    XL:     8   Next: 19%
Magic:  19/19      EV: 12    Int: 17    God:
Gold:   190        SH:  0    Dex: 12    Spells: 6/21 levels left

rFire    x . .     SeeInvis .   (no weapon)
rCold    + . .     Gourm    .   (no shield)
rNeg     + + +     Faith    .   c - +0 robe
rPois    ∞         Spirit   .   n - +1 helmet
rElec    .         Reflect  .   b - +0 cloak
rCorr    .         Harm     .   (no gloves)
MR       +....                  (no boots)
Stlth    ++........             (no amulet)
HPRegen  0.17/turn              (no ring)
MPRegen  0.16/turn              (no ring)

@: very slightly contaminated
A: no food or potions, fire vulnerability, cold resistance 1, negative energy
resistance 3, torment resistance, unbreathing
a: no special abilities


You were on level 6 of the Dungeon.
You were not hungry.

You visited 1 branch of the dungeon, and saw 6 of its levels.

You collected 190 gold pieces.

Inventory:

Hand Weapons
 a - a +0 short sword
 k - a +2 halberd of chopping
Missiles
 d - 118 stones (quivered)
 i - 14 sling bullets
Armour
 b - a +0 cloak (worn)
 c - a +0 robe (worn)
 n - a +1 helmet (worn)
Scrolls
 f - a scroll of fog {!r}
 g - a scroll of immolation {!r}
 m - a scroll of identify {!r}


   Skills:
 - Level 1.5 Dodging
 - Level 1.5 Stealth
 + Level 7.4 Spellcasting
 * Level 7.4 Conjurations


You had 6 spell levels left.
You knew the following spells:

 Your Spells              Type           Power        Failure   Level  Hunger
a - Magic Dart            Conj           ####         1%          1    N/A
b - Iskenderun's Mystic   Conj           ####....     5%          4    N/A
c - Force Lance           Conj/Tloc      ###.....     24%         4    N/A
d - Searing Ray           Conj           ####..       1%          2    N/A
e - Fulminant Prism       Conj/Hex       ###.......   24%         4    N/A

Your spell library contained the following spells:

 Spells                   Type           Power        Failure   Level  Hunger
 Dazzling Spray           Conj/Hex       ###...       7%          3    N/A

Dungeon Overview and Level Annotations

Branches:
Dungeon (6/15)
 Temple: D:4-7

Altars:
Elyvilon
Fedhas
Makhleb
Xom
Yredelemnul

Shops:
D:5 (

Annotations:
D:2 Sigmund
D:3 exclusion: downstairs


Innate Abilities, Weirdness & Mutations

You do not eat or drink.
Your flesh is vulnerable to fire.
You are immune to poison.
Your flesh is cold resistant. (rC+)
You are immune to negative energy. (rN+++)
You are immune to unholy pain and torment.
You can survive without breathing.


Message History

Done exploring.
Done exploring.
Done exploring.
Done exploring.
There is an open door here.
There is a stone staircase leading down here.
You climb downwards.
Found 14 gold pieces.
There is a stone staircase leading up here.
Unknown command.
You now have 190 gold pieces (gained 8).
A hound comes into view.
The hound moves out of view.
A centaur comes into view.
The centaur shouts!
The centaur wields a shortbow.
The centaur shoots an arrow.
The arrow hits you!
You see here an arrow.
There are monsters nearby!
You found a shaft!
The centaur shoots an arrow.
The arrow hits you!
You see here an arrow.
The centaur shoots an arrow.
The arrow hits you.
* * * LOW HITPOINT WARNING * * *
You see here an arrow.
The hound falls through a shaft!
The shaft crumbles and collapses.
The centaur shoots an arrow.
The arrow barely misses you.
You see here an arrow.
A quokka comes into view.
You start resting.
The centaur is too close now for your liking.
The centaur shoots an arrow.
The arrow hits you!
* * * LOW HITPOINT WARNING * * *
Really read
j - a scroll labeled MEIDAS YM KIA {!r}?
Blink to where?
Press: ? - help, Dir - move target cursor You are very lightly contaminated with residual magic.
As you read the scroll labeled MEIDAS YM KIA {!r}, it crumbles to dust.
It was a scroll of blinking {!r}.
You open the door.
The centaur shoots an arrow.
The arrow hits you.
* * * LOW HITPOINT WARNING * * *
Found 14 stones.
Really read
l - a scroll labeled AWKUSMUCVA {!r}?
As you read the scroll labeled AWKUSMUCVA {!r}, it crumbles to dust.
Your ears itch!
It was a scroll of random uselessness {!r}.
The centaur shoots an arrow.
The arrow hits you!
* * * LOW HITPOINT WARNING * * *
Really read
e - a scroll labeled YCLAER KYISHYTTAIT {!r}?
As you read the scroll labeled YCLAER KYISHYTTAIT {!r}, it crumbles to dust.
It is a scroll of enchant armour.
Your +0 helmet glows green for a moment.
Okay, then.
You aren't carrying any items that you can evoke without wielding.
Unknown command.
Found 13 arrows.
There is an open door here.
The centaur shoots an arrow.
The arrow closely misses you.
You close the door.
Okay, then.
Drop what? 11/52 slots (_ for help) (? for menu, Esc to quit)
You are now empty-handed.
You drop a +1 hunting sling of velocity.
The centaur unwields an uncursed shortbow.
The centaur hits you.
You die...

#....# .... #...(#
#... #....# #....
#....# #....##.(..#
#.....(....#
#..........#
#.......c@.#
#######'##)#
........(###
.........# ...
.......c.# .....
.........# .....
r........# .....
.........#+####....
.####...(.§...c.#


You could see a centaur.

Vanquished Creatures
  A sky beast (D:5)
  3 ogres
  5 wights (D:5)
  2 crimson imps
  2 hounds
  An orc wizard (D:4)
  4 orc priests (D:4)
  A bullfrog skeleton (D:4)
  A centaur skeleton (D:5)
  2 iguanas
  4 worker ants
  3 gnolls (D:5)
  4 adders
  2 shadow imps (D:5)
  An adder skeleton (D:5)
  2 worms
  3 dart slugs
  13 orcs
  2 giant cockroaches
  2 goblins
  2 hobgoblins
  4 jackals
  3 kobolds
  3 quokkas
  A ball python (D:5)
  5 bats
  4 frilled lizards
  2 leopard gecko skeletons
  4 rats
86 creatures vanquished.

Vanquished Creatures (others)
  5 toadstools (D:1)
5 creatures vanquished.

Grand Total: 91 creatures vanquished

Notes
Turn   | Place    | Note
-------+----------+-------------------------------------------
     0 | D:1      | Amnesiac the Mummy Conjurer began the quest for the Orb.
     0 | D:1      | Reached XP level 1. HP: 13/13 MP: 4/4
    82 | D:2      | Noticed Sigmund
   395 | D:1      | Reached XP level 2. HP: 19/19 MP: 4/6
   399 | D:1      | Learned a level 2 spell: Searing Ray
   584 | D:3      | Found a blossoming altar of Fedhas.
   615 | D:3      | Found a faded altar of an unknown god.
   854 | D:3      | Reached XP level 3. HP: 22/24 MP: 2/8
  1502 | D:4      | Reached XP level 4. HP: 16/30 MP: 5/10
  1579 | D:4      | Found a shimmering altar of Xom.
  1883 | D:4      | Reached XP level 5. HP: 35/35 MP: 6/11
  1919 | D:4      | Learned a level 4 spell: Iskenderun's Mystic Blast
  1957 | D:4      | Found a burning altar of Makhleb.
  2201 | D:4      | Reached skill level 5 in Spellcasting
  2201 | D:4      | Reached skill level 5 in Conjurations
  2259 | D:4      | Reached XP level 6. HP: 35/41 MP: 6/13
  2265 | D:4      | Learned a level 4 spell: Force Lance
  2270 | D:4      | Learned a level 4 spell: Fulminant Prism
  3172 | D:5      | Entered Level 5 of the Dungeon
  3204 | D:5      | Reached XP level 7. HP: 44/46 MP: 7/15
  3389 | D:5      | Found a basalt altar of Yredelemnul.
  3654 | D:5      | Found Zecuew's Weapon Boutique.
  3941 | D:5      | Found a white marble altar of Elyvilon.
  3969 | D:5      | Reached XP level 8. HP: 52/52 MP: 13/18
  4273 | D:6      | Slain by a centaur

Vault maps used:
D:1:      ldierk_walled_garden
D:2:      eat_drink_and_be_merry_uskayaw, uniq_sigmund
D:3:      nicolae_overflow_crystal_walls, chequers_ecumenical_altar_simple,
          first_ration
D:4:      lemuel_crystal_altar, makhleb_heckhound_becter
D:5:      lemuel_crystal_altar, kennysheep_little_box, serial_shops, shop
D:6:      minmay_temple_entry_hall, serial_shops, nicolae_shop_statue_plus,
          uniq_edmund

Skill      XL: |  1  2  3  4  5  6  7 |
---------------+----------------------+-----
Spellcasting   | 3 4 5 7 |  7.4
Conjurations   | 4 5 6 7 |  7.4
Dodging        | |  1.5
Stealth        | |  1.5

Action                   |  1- 3 |  4- 6 |  7- 9 || total
-------------------------+-------+-------+-------++-------
Melee: Short sword       |    16 |    17 |       ||    33
 Fire: Hunting sling     |       |    47 |    42 ||    89
 Cast: Magic Dart        |    33 |     7 |     1 ||    41
       Searing Ray       |     7 |    19 |    16 ||    42
  Use: Scroll            |       |     2 |     3 ||     5
Armor: Robe              |    21 |     9 |     7 ||    37
Dodge: Dodged            |    53 |    40 |    17 ||   110

Table legend:
 A = Spawn XP
 B = Non-spawn XP
 C = Spawn XP percentage of total XP
 D = Spawn monster count
 E = Non-spawn monster count
 F = Spawn count percentage of total count
 G = Total turns spent on level
                    A         B        C        D         E        F      G
               +---------+---------+-------+---------+---------+-------+---------
         Total |       0 |    1693 |   0.0 |       0 |      86 |   0.0 |  4273
               +---------+---------+-------+---------+---------+-------+---------
           D:1 |       0 |      13 |   0.0 |       0 |       7 |   0.0 |   410
           D:2 |       0 |      15 |   0.0 |       0 |       7 |   0.0 |    84
           D:3 |       0 |      39 |   0.0 |       0 |      13 |   0.0 |  1033
           D:4 |       0 |     645 |   0.0 |       0 |      34 |   0.0 |  1645
           D:5 |       0 |     981 |   0.0 |       0 |      25 |   0.0 |  1073
               +---------+---------+-------+---------+---------+-------+---------
